 Dungeon Crawl Stone Soup version 0.23-a0-169-gb21e695 (webtiles) character file.

142 grindst0ne the Skirmisher (level 5, 0/43 HPs)
             Began as a Mummy Fighter on Sept 11, 2018.
             Slain by Menkaure (17 damage)
             ... on level 4 of the Dungeon.
             The game lasted 00:04:24 (2468 turns).

grindst0ne the Skirmisher (Mummy Fighter)           Turns: 2468, Time: 00:04:24

Health: 0/43       AC:  7    Str: 19    XL:     5   Next: 4%
Magic:  5/5        EV:  6    Int:  9    God:
Gold:   198        SH:  8    Dex: 11    Spells: 4/4 levels left

rFire    x . .     SeeInvis +   a - +0 flail
rCold    + . .     Gourm    .   c - +0 shield
rNeg     + + +     Faith    .   b - +0 scale mail
rPois    ∞         Spirit   .   (no helmet)
rElec    .         Reflect  .   l - +0 cloak
rCorr    .         Harm     .   (no gloves)
MR       .....                  (no boots)
Stlth    ..........             (no amulet)
HPRegen  0.14/turn              j - ring of see invisible (curse)
MPRegen  0.09/turn              (no ring)

@: heavily drained
A: no food or potions, fire vulnerability, cold resistance 1, negative energy
resistance 3, torment resistance, unbreathing
a: no special abilities


You were on level 4 of the Dungeon.
You were not hungry.

You visited 1 branch of the dungeon, and saw 4 of its levels.

You collected 198 gold pieces.

Inventory:

Hand Weapons
 a - a +0 flail (weapon)
Armour
 b - a +0 scale mail (worn)
 c - a +0 shield (worn)
 l - a +0 cloak (worn)
Jewellery
 j - a cursed ring of see invisible (left hand)
Scrolls
 d - a scroll of fog {unknown}
 e - 2 scrolls of remove curse {unknown}
 f - 2 scrolls of amnesia {unknown}
 g - 2 scrolls of identify {unknown}
 h - 4 scrolls of teleportation {unknown}
 i - 2 scrolls of random uselessness {unknown}
 k - a scroll of enchant armour {unknown}
 m - 3 scrolls of enchant weapon {unknown}
 n - a scroll of fear {unknown}
 o - a scroll of blinking {unknown}


   Skills:
 + Level 4.5(2.9) Fighting
 - Level 1.5(0.0) Maces & Flails
 - Level 2.4(0.9) Armour
 + Level 3.7(2.2) Shields


You had 4 spell levels left.
You didn't know any spells.
Your spell library was empty.

Dungeon Overview and Level Annotations

Branches:
Dungeon (4/15)
 Temple: D:4-7

Altars:
Nemelex Xobeh
Okawaru
Xom
Yredelemnul

Annotations:
D:4 Menkaure


Innate Abilities, Weirdness & Mutations

You do not eat or drink.
Your flesh is vulnerable to fire.
You are immune to poison.
Your flesh is cold resistant. (rC+)
You are immune to negative energy. (rN+++)
You are immune to unholy pain and torment.
You can survive without breathing.


Message History

You hit Menkaure.
Menkaure is heavily damaged.
Menkaure hits you.
Your scale mail prevents you from hitting Menkaure.
Menkaure is heavily damaged.
Menkaure completely misses you. Menkaure barely misses you.
You hit Menkaure.
Menkaure is heavily damaged.
Menkaure hits you.
You hit Menkaure.
Menkaure is severely damaged.
Menkaure barely misses you.
You barely miss Menkaure.
Menkaure is severely damaged.
Menkaure mumbles some strange words.
Menkaure seems to speed up.
You hit Menkaure.
Menkaure is almost destroyed.
Menkaure hits you!
You die...

#.# #.#
#.# #.#
#.# #S#
#M# #@#
##.#####.#
#.........
#.########
#.# #.#
##.##
#.#.#
##..#


You could see Menkaure and an adder.

Vanquished Creatures
  Terence (D:3)
  6 adders
  2 worms (D:3)
  2 dart slugs (D:1)
  2 leopard geckos
  5 goblins
  6 hobgoblins
  4 jackals (D:2)
  7 kobolds
  12 bats
  2 frilled lizards
  8 rats
57 creatures vanquished.

Notes
Turn   | Place    | Note
-------+----------+-------------------------------------------
     0 | D:1      | grindst0ne the Mummy Fighter began the quest for the Orb.
     0 | D:1      | Reached XP level 1. HP: 18/18 MP: 1/1
   119 | D:1      | Reached XP level 2. HP: 12/24 MP: 2/2
   552 | D:1      | Reached XP level 3. HP: 29/29 MP: 3/3
   910 | D:2      | Found a shimmering altar of Xom.
  1006 | D:2      | Found a basalt altar of Yredelemnul.
  1016 | D:2      | Found a sparkling altar of Nemelex Xobeh.
  1254 | D:2      | Reached skill level 4 in Fighting
  1271 | D:2      | Reached XP level 4. HP: 35/37 MP: 4/4
  1594 | D:3      | Found an iron altar of Okawaru.
  1792 | D:3      | Noticed Terence
  1817 | D:3      | Killed Terence
  2356 | D:3      | Reached XP level 5. HP: 36/43 MP: 5/5
  2456 | D:4      | Noticed Menkaure
  2468 | D:4      | Slain by Menkaure

Vault maps used:
D:1:      scummos_arrival_gate
D:2:      lemuel_coloured_pillars_altar, lemuel_round_altar,
          lemuel_crystal_altar
D:3:      okawaru_trees_1, serial_bayou_pond_e, uniq_terence
D:4:      portal_sewer_entry_a, serial_shops, shop, grunt_decor_arrowhead,
          minmay_quantized, uniq_menkaure

Skill      XL: |  1  2  3 |
---------------+----------+-----
Shields        | 3 |  3.7
Fighting       | 4 |  4.5
Maces & Flails | |  1.5
Armour         | |  2.4

Action                   |  1- 3 |  4- 6 || total
-------------------------+-------+-------++-------
Melee: Flail             |   127 |   143 ||   270
Armor: Scale mail        |    69 |    97 ||   166
Dodge: Dodged            |    48 |    67 ||   115
Block: Shield            |    77 |    97 ||   174

Table legend:
 A = Non-vault XP
 B = Vault XP
 C = Vault XP percentage of total XP
 D = Non-vault monster count
 E = Vault monster count
 F = Vault count percentage of total count
                 A         B        C        D         E       F
            +---------+---------+-------+---------+---------+-------
      Total |     168 |      36 |  17.6 |      56 |       1 |   1.8
            +---------+---------+-------+---------+---------+-------
        D:1 |      46 |       0 |   0.0 |      27 |       0 |   0.0
        D:2 |      54 |       0 |   0.0 |      11 |       0 |   0.0
        D:3 |      68 |      36 |  34.6 |      18 |       1 |   5.3
            +---------+---------+-------+---------+---------+-------
